 Seeded DCSS version 0.27.1-34-g3ba077fa99 (webtiles) character file.

Game seed: 1001837481477946641 (custom seed)

1734227 oldmanjim the Invulnerable (level 27, 273/273 HPs)
             Began as a Minotaur Fighter on Jan 7, 2022.
             Was the Champion of Okawaru.
             Escaped with the Orb
             ... and 3 runes on Jan 13, 2022!
             The game lasted 09:02:06 (70936 turns).

oldmanjim the Invulnerable (Minotaur Fighter)      Turns: 70936, Time: 09:02:07

Health: 273/273    AC: 47    Str: 52    XL:     27
Magic:  53/53      EV: 14    Int:  6    God:    Okawaru [******]
Gold:   4357       SH: 38    Dex:  7    Spells: 26/26 levels left

rFire    + + +     SeeInvis +   a - +8 broad axe (elec)
rCold    + + .     Faith    .   C - +8 tower shield
rNeg     . . .     Spirit   +   F - +9 crystal plate armour of Reason {Fly rF+ MP+9}
rPois    +         Reflect  .   o - +0 mask of the Dragon {Will+ Slay+3 SInv}
rElec    +         Harm     .   n - +1 cloak of the Pits of Slime {rF++}
rCorr    .         Rampage  +   w - +0 pair of gloves of the Equinox {Rampage Will++ Dex-3 Slay+4 Stlth+}
Will     +++++     Clarity  +   G - +0 pair of boots of Okawaru's Castigation {Str+3}
Stlth    ..........             B - amulet of Rurypliv {Spirit rF+ Str+6}
HPRegen  0.55/turn              f - ring "Ysin" {rElec rPois rC+ Str+6}
MPRegen  0.33/turn              i - ring "Korghirrunn" {+Blink Fly MP+9 Str+4}

@: flying, studying Long Blades
A: horns 2, retaliatory headbutt, clarity, cold resistance 1, MP-powered wands
0: Orb of Zot
}: 3/15 runes: serpentine, barnacled, silver
a: Renounce Religion, Evoke Blink, Heroism, Finesse


You escaped.
You worshipped Okawaru.
Okawaru was exalted by your worship.
You visited 9 branches of the dungeon, and saw 49 of its levels.
You also visited: Gauntlet and Ice Cave.

You collected 10186 gold pieces.
You spent 5829 gold pieces at shops.

Inventory:

Hand Weapons
 a - a +8 broad axe of electrocution (weapon)
 b - a +2 vorpal hand crossbow
 I - a +3 demon trident of freezing
Missiles
 E - 2124 bolts
 T - 9 throwing nets (quivered)
Armour
 n - the +1 cloak of the Pits of Slime (worn) {rF++}
   (You bought it in a shop on level 4 of the Vaults)

   rF:        It greatly protects you from fire.
 o - the +0 mask of the Dragon (worn) {Will+ Slay+3 SInv}
   (You found it on level 2 of the Snake Pit)

   Slay:      It affects your accuracy & damage with ranged weapons and melee
   (+3).
   SInv:      It lets you see invisible.
   Will:      It increases your willpower.
 q - the +18 shield of the Gong {rElec rN+ Will+ EV-5}
   (You bought it in a shop on level 2 of the Vaults)

   It is deafeningly noisy when blocking attacks.
   EV:        It affects your evasion (-5).
   rElec:     It insulates you from electricity.
   rN:        It protects you from negative energy.
   Will:      It increases your willpower.
 w - the +0 pair of gloves of the Equinox (worn) {Rampage Will++ Dex-3 Slay+4 Stlth+}
   (You acquired it on level 4 of the Depths)

   Dex:       It affects your dexterity (-3).
   Slay:      It affects your accuracy & damage with ranged weapons and melee
   (+4).
   Rampage:   It bestows one free step when moving towards enemies.
   Will:      It greatly increases your willpower.
   Stlth:     It makes you more stealthy.
 C - a +8 tower shield (worn)
 F - the +9 crystal plate armour of Reason (worn) {Fly rF+ MP+9}
   (You acquired it on level 2 of the Depths)

   rF:        It protects you from fire.
   MP:        It affects your magic capacity (+9).
   Fly:       It grants you flight.
 G - the +0 pair of boots of Okawaru's Castigation (worn) {Str+3}
   (Okawaru gifted it to you on level 4 of the Shoals)

   Str:       It affects your strength (+3).
 S - a scarf of resistance
Jewellery
 f - the ring "Ysin" (left hand) {rElec rPois rC+ Str+6}
   (You acquired it on level 1 of the Dungeon)

   [ring of strength]

   Str:       It affects your strength (+6).
   rC:        It protects you from cold.
   rElec:     It insulates you from electricity.
   rPois:     It protects you from poison.
 i - the ring "Korghirrunn" (right hand) {+Blink Fly MP+9 Str+4}
   (You acquired it on level 4 of the Dungeon)

   [ring of flight]

   Str:       It affects your strength (+4).
   MP:        It affects your magic capacity (+9).
   Fly:       It grants you flight.
   +Blink:    It lets you blink.
 l - the ring "Itopagg" {rF- rN++ rCorr Dex+3}
   (You found it on level 5 of the Vaults)

   [ring of resist corrosion]

   Dex:       It affects your dexterity (+3).
   rF:        It makes you vulnerable to fire.
   rN:        It greatly protects you from negative energy.
   rCorr:     It protects you from acid and corrosion.
 B - the amulet of Rurypliv (around neck) {Spirit rF+ Str+6}
   (You acquired it on level 7 of the Dungeon)

   [amulet of guardian spirit]

   It causes incoming damage to be divided between your reserves of health and
   magic.
   Str:       It affects your strength (+6).
   rF:        It protects you from fire.
 L - the ring of the Dropbear {rC+ Int+2}
   (You took it off a tengu reaver on level 5 of the Vaults)

   [ring of protection from cold]

   Int:       It affects your intelligence (+2).
   rC:        It protects you from cold.
 U - the ring of Kaorhot {rPois rF- rN+ Str+3 Int+2}
   (You found it in a Gauntlet)

   [ring of positive energy]

   Str:       It affects your strength (+3).
   Int:       It affects your intelligence (+2).
   rF:        It makes you vulnerable to fire.
   rPois:     It protects you from poison.
   rN:        It protects you from negative energy.
Wands
 c - a wand of digging (30)
 e - a wand of acid (23)
 z - a wand of iceblast (48)
Scrolls
 m - 9 scrolls of fear
 p - 15 scrolls of teleportation
 t - 5 scrolls of silence
 y - 4 scrolls of brand weapon
 K - 4 scrolls of blinking
 M - 9 scrolls of magic mapping
 N - 9 scrolls of immolation
 Q - a scroll of enchant armour
 R - 5 scrolls of holy word
 W - 4 scrolls of summoning
 X - 3 scrolls of fog
Potions
 d - 20 potions of curing
 g - 2 potions of resistance
 h - 13 potions of lignification
 j - a potion of ambrosia
 r - a potion of might
 s - 6 potions of cancellation
 v - 6 potions of haste
 A - 5 potions of mutation
 D - 11 potions of brilliance
 O - 9 potions of heal wounds
 V - 3 potions of invisibility
 Y - 3 potions of magic
 Z - 2 potions of berserk rage
Miscellaneous
 k - a phantom mirror
 u - a tin of tremorstones (2/2)
 x - a box of beasts
 H - a condenser vane
 P - a box of beasts


   Skills:
 O Level 27 Fighting
 - Level 23.0 Axes
 - Level 12.0 Crossbows
 O Level 27 Armour
 + Level 20.0 Dodging
 - Level 25.0 Shields
 + Level 19.8 Invocations
 + Level 12.1 Evocations


You had 26 spell levels left.
You didn't know any spells.
Your spell library contained the following spells:

 Spells                   Type           Power      Damage    Failure   Level
 Apportation              Tloc           0%         N/A       80%         1
 Foxfire                  Conj/Fire      0%         2x1d4     80%         1
 Freeze                   Ice            0%         1d3       80%         1
 Magic Dart               Conj           0%         1d3       80%         1
 Sandblast                Erth           0%         2d4       80%         1
 Call Imp                 Summ           0%         N/A       90%         2
 Corpse Rot               Necr/Air       N/A        N/A       90%         2
 Ensorcelled Hibernation  Hex/Ice        0%         N/A       90%         2
 Passwall                 Tmut/Erth      0%         N/A       90%         2
 Poisonous Vapours        Pois/Air       0%         N/A       90%         2
 Searing Ray              Conj           0%         3d3       90%         2
 Slow                     Hex            0%         N/A       90%         2
 Static Discharge         Conj/Air       0%         N/A       90%         2
 Call Canine Familiar     Summ           0%         N/A       99%         3
 Dazzling Flash           Conj/Hex       0%         N/A       99%         3
 Frozen Ramparts          Ice            0%         1d2       99%         3
 Ignite Poison            Fire/Tmut/Pois 0%         N/A       99%         3
 Mephitic Cloud           Conj/Pois/Air  0%         N/A       99%         3
 Ozocubu's Armour         Ice            0%         N/A       99%         3
 Portal Projectile        Hex/Tloc       0%         N/A       99%         3
 Summon Guardian Golem    Hex/Summ       0%         N/A       99%         3
 Swiftness                Air            0%         N/A       99%         3
 Animate Armour           Summ/Erth      0%         N/A       100%        4
 Animate Dead             Necr           0%         N/A       100%        4
 Cause Fear               Hex            0%         N/A       100%        4
 Fulminant Prism          Conj/Hex       0%         3d6       100%        4
 Hailstorm                Conj/Ice       0%         3d3       100%        4
 Ice Form                 Ice/Tmut       0%         N/A       100%        4
 Iskenderun's Mystic Bla  Conj/Tloc      0%         2d3       100%        4
 Leda's Liquefaction      Hex/Erth       0%         N/A       100%        4
 Petrify                  Tmut/Erth      0%         N/A       100%        4
 Summon Ice Beast         Ice/Summ       0%         N/A       100%        4
 Agony                    Necr           0%         N/A       100%        5
 Alistair's Intoxication  Tmut/Pois      0%         N/A       100%        5
 Blade Hands              Tmut           0%         N/A       100%        5
 Bolt of Magma            Conj/Fire/Erth 0%         4d4       100%        5
 Borgnjor's Vile Clutch   Necr/Erth      0%         N/A       100%        5
 Fireball                 Conj/Fire      0%         3d3       100%        5
 Freezing Cloud           Conj/Ice/Air   0%         6-21      100%        5
 Irradiate                Conj/Tmut      0%         3d13      100%        5
 Iskenderun's Battlesphe  Conj           0%         2d6       100%        5
 Lee's Rapid Deconstruct  Erth           0%         3d5*      100%        5
 Metabolic Englaciation   Hex/Ice        0%         N/A       100%        5
 Silence                  Hex/Air        0%         N/A       100%        5
 Summon Forest            Summ/Tloc      0%         N/A       100%        5
 Death Channel            Necr           0%         N/A       100%        6
 Eringya's Noxious Bog    Tmut/Pois      0%         N/A       100%        6
 Invisibility             Hex            0%         N/A       100%        6
 Iron Shot                Conj/Erth      0%         9d1       100%        6
 Simulacrum               Ice/Necr       0%         N/A       100%        6
 Starburst                Conj/Fire      0%         6d3       100%        6
 Statue Form              Tmut/Erth      0%         N/A       100%        6
 Dragon Form              Tmut           0%         N/A       100%        7
 Haunt                    Necr/Summ      0%         N/A       100%        7
 Orb of Destruction       Conj           0%         N/A       100%        7
 Ozocubu's Refrigeration  Ice            0%         4d5       100%        7
 Spellforged Servitor     Conj/Summ      0%         N/A       100%        7
 Summon Hydra             Summ           0%         N/A       100%        7
 Discord                  Hex            0%         N/A       100%        8
 Infestation              Necr           0%         N/A       100%        8
 Maxwell's Capacitive Co  Air            0%         ∞         100%        8
 Chain Lightning          Conj/Air       0%         N/A       100%        9
 Dragon's Call            Summ           0%         N/A       100%        9
 Polar Vortex             Ice            0%         N/A       100%        9


Dungeon Overview and Level Annotations

Branches:
Dungeon (15/15)            Temple (0/1) D:5            Lair (6/6) D:8
 Shoals (4/4) Lair:2        Snake (4/4) Lair:2        Slime (0/5) Lair:6
    Orc (2/2) D:9             Elf (3/3) Orc:2        Vaults (5/5) D:13
  Crypt (0/3) Vaults:3     Depths (5/5) D:15            Zot (5/5) Depths:5
  IceCv (visited)         Gauntlet (visited)

Altars:
Ashenzari
Fedhas
Gozag
Nemelex Xobeh
Okawaru
Ru
Sif Muna
Trog
Uskayaw
Vehumet
Wu Jian
Xom
Yredelemnul
The Shining One
Jiyva
Lugonu

Shops:
Orc:2 ::?*   Elf:2 =!   Elf:3 *   Shoals:2 :   Shoals:3 *   Snake:1 [
Snake:2 [(   Snake:4 *=(:   Vaults:2 [   Vaults:3 (   Vaults:4 *   Vaults:5 (
Zot:3 *   Depths:5 =::

Portals:
Hell: Depths:1 Depths:2 Depths:3 Depths:4 Depths:5
Abyss: Depths:3 Depths:4
Pandemonium: Depths:1 Depths:3 Depths:4
Ziggurat: Depths:3

Annotations:
Elf:1 2 transporters, doobhtoobh's ghost, adept KoEn


Innate Abilities, Weirdness & Mutations

You have a pair of horns on your head.
You reflexively headbutt those who attack you in melee.
You possess an exceptional clarity of mind.
Your flesh is cold resistant. (rC+)
You expend magic power (3 MP) to strengthen your wands.


Message History

You cut the Orb Guardian into ribbons!!!
Lightning courses through the Orb Guardian!!
You kill the Orb Guardian!
Okawaru accepts your kill.
You start resting.
Your extra speed is starting to run out.
You start resting.
You feel yourself slow down.
You start resting.
A red devil comes into view. It is wielding a +0 trident.
A mysterious force pulls you upwards. The hatch slams shut behind you.
There is a stone staircase leading up here.
You fly upwards.
There is a stone staircase leading down here.
HP restored.
There is an escape hatch in the ceiling here.
A mysterious force pulls you upwards. The hatch slams shut behind you.
There is a stone staircase leading up, spattered with blood here.
You fly upwards.
There is a stone staircase leading down here.
You feel yourself speed up.
(D) Dungeon (T) Temple (L) Lair (A) Shoals (P) Snake Pit (M) Slime Pits (O) Orcish Mines (E) Elven Halls (V) Vaults (C) Crypt (U) Depths (H) Hell (Z) Zot
Where to? (Enter - D:5 @ (x,y), ? - help)
What level of the Dungeon? (default 1, ? - help)
There is a stone staircase leading up here.
You fly upwards.
There is a stone staircase leading down here.
There is a stone staircase leading up here.
You fly upwards.
There is a stone staircase leading down here.
There is a stone staircase leading up here.
You fly upwards.
Your extra speed is starting to run out.
There is a stone staircase leading down here.
You feel yourself slow down.
There is a staircase leading out of the dungeon here.
You have escaped!

.........#...........##..##....÷.
......†.....♣........###..##.....
..####)........P.PP♣..###.##.####
......)..#........P....##.##.##..
..........♣P.♣.....P...P...#....#
...........♣♣..P.P....♣..#.....##
#.#####....♣.P.....P.....###...##
#.# #..............P...# #.....
#.# #.....P...@...P..P####..##.
#.## ##..♣...........P..##....##.
#..###....P..P.....P....##.##....
#....#.#.......P.P.........####..
##.#.#.#..P.P.......♣....### #..
#.#...#.............♣...# ####.
#.##..#...♣.♣.♣..♣...#.## ##....
#.>#..##....♣..........####..###
##....#..#........).>####...## #


There were no monsters in sight!

Vanquished Creatures
  4 dread liches
  2 ancient liches
  The ghost of thromnambular the Slayer, a legendary DjFE of Ashenzari (Zot:5)
  7 orbs of fire
  2 juggernauts (Depths:2)
  6 Killer Klowns (Zot:5)
  Bai Suzhen (Shoals:4)
  A curse toe (Zot:5)
  5 caustic shrikes (Depths:1)
  8 golden dragons
  A profane servitor (Depths:3)
  2 bone dragons (Zot:3)
  Nikola (Shoals:1)
  An iron giant (shapeshifter) (Depths:4)
  4 electric golems
  A Hell Sentinel (Zot:3)
  13 tentacled monstrosities
  2 liches
  4 deep elf blademasters
  26 Orb Guardians
  2 deep elf master archers (Elf:3)
  3 titans
  7 quicksilver dragons
  17 death cobs
  Polyphemus (Shoals:3)
  Frances (Shoals:1)
  12 shadow dragons
  Agnes (D:15)
  6 sphinxes
  A storm dragon (shapeshifter) (Depths:4)
  An ancient champion (Depths:5)
  8 storm dragons
  2 daevas (Depths:3)
  16 tengu reavers
  9 nagarajas
  8 draconian monks
  11 fire giants
  2 orc warlords (Orc:2)
  11 frost giants
  A balrug (Depths:3)
  Louise (D:15)
  6 draconian scorchers
  Donald (Snake:2)
  3 iron dragons (Depths:4)
  6 ghost moths
  4 deep elf sorcerers
  18 vault wardens
  An iron dragon (shapeshifter) (Depths:4)
  8 draconian knights
  Aizul (Snake:3)
  9 draconian shifters
  2 draconian stormcallers (Zot:2)
  3 draconian annihilators
  22 ironbound preservers
  21 very ugly things
  A deep elf elementalist (Depths:4)
  5 war gargoyles
  A spriggan defender (Depths:5)
  A vampire knight (Depths:2)
  16 stone giants
  9 deep elf demonologists
  11 green draconians
  A lorocyproca (Depths:3)
  2 dire elephants (Vaults:1)
  2 entropy weavers
  An entropy weaver (shapeshifter) (Depths:4)
  9 purple draconians
  4 spark wasps
  9 black draconians
  A minotaur (Gauntlet)
  The ghost of Duder the Basher, a journeyman MiBe of Trog (D:13)
  17 red draconians
  6 white draconians
  10 yellow draconians
  5 crystal guardians
  5 merfolk javelineers
  4 deep elf annihilators
  14 merfolk impalers
  5 fire dragons
  A fire dragon (shapeshifter) (Vaults:5)
  7 deep elf death magi
  12 ettins
  6 deep elf high priests
  A blizzard demon (Depths:3)
  19 yaktaur captains
  4 great orbs of eyes
  7 ice dragons
  A monstrous demonspawn (Depths:3)
  7 spriggan air magi
  34 vault guards
  6 salamander tyrants
  A hell beast (Depths:5)
  20 naga warriors
  7 ogre magi
  6 rakshasas
  5 peacekeepers
  4 ironbound thunderhulks
  A caustic shrike simulacrum (Depths:2)
  2 juggernaut simulacra (Depths:4)
  21 hydras
  13 anacondas
  5 merfolk aquamancers
  3 boulder beetles
  2 catoblepae
  An alligator snapping turtle (Shoals:4)
  19 centaur warriors
  A death knight (D:13)
  10 ironbound frosthearts
  32 dancing weapons
  20 two-headed ogres
  A hell hog (Depths:5)
  4 ironbound beastmasters
  4 satyrs
  5 merfolk avatars
  6 deep troll earth magi
  6 deep troll shamans
  18 naga sharpshooters
  15 death yaks
  9 tengu warriors
  9 shock serpents
  3 spriggan berserkers (Depths:2)
  5 soul eaters (Zot:3)
  A thrashing horror (D:11)
  Nergalle (D:12)
  12 hell knights
  18 deep elf knights
  2 titan skeletons (Vaults:3)
  3 cherubim (Depths:3)
  10 sea snakes
  5 salamander mystics
  A sea snake (shapeshifter) (D:13)
  9 iron trolls
  11 skeletal warriors
  A sixfirhy (Zot:4)
  2 death drakes (Zot:3)
  3 glowing orange brains
  52 deep trolls
  A deep troll (shapeshifter) (Vaults:5)
  A quicksilver dragon simulacrum (Depths:5)
  An orange crystal statue (IceCv)
  4 flayed ghosts
  9 naga ritualists
  2 swamp dragons (shapeshifter)
  10 harpies
  22 ironbound convokers
  5 deep elf archers
  4 necromancers
  An orb spider (shapeshifter) (Vaults:5)
  9 wizards
  2 phantasmal warriors
  7 lindwurms
  28 deep elf zephyrmancers
  3 orc knights
  14 salamanders
  5 draconians
  4 oklob plants (Lair:6)
  23 deep elf pyromancers
  13 mana vipers
  A frost giant zombie (Depths:2)
  6 cyclopes
  A manticore (shapeshifter) (D:13)
  17 fauns
  A sphinx skeleton (Vaults:3)
  An orc sorcerer (Elf:1)
  A worldbinder (Gauntlet)
  A stone giant zombie (Depths:2)
  An elephant (shapeshifter) (Vaults:2)
  A mana viper (shapeshifter) (Vaults:5)
  47 ugly things
  16 manticores
  A frost giant skeleton (Vaults:3)
  8 merfolk sirens
  37 moths of wrath
  A moth of wrath (shapeshifter) (Vaults:4)
  2 stone giant skeletons (Vaults:3)
  18 elephants
  40 black mambas
  2 fire giant skeletons (Vaults:3)
  27 naga magi
  2 torpor snails
  5 water nymphs
  An ice statue (D:15)
  An orange demon (Depths:3)
  23 cane toads
  20 vault sentinels
  12 guardian serpents
  Maggie (D:6)
  An unseen horror (D:12)
  20 rime drakes
  3 kobold demonologists
  3 efreet
  42 yaktaurs
  10 komodo dragons
  A komodo dragon (shapeshifter) (Elf:2)
  A tengu conjurer (D:13)
  A guardian mummy (Zot:3)
  2 elf skeletons (Vaults:3)
  A red devil (Depths:3)
  7 trolls
  An ancient zyme (D:11)
  20 merfolk
  A jumping spider (shapeshifter) (D:13)
  4 wind drakes
  21 polar bears
  A polar bear (shapeshifter) (D:12)
  A raiju (D:11)
  5 hornets
  A troll (shapeshifter) (D:11)
  Grinder (D:3)
  44 slime creatures
  A raiju (shapeshifter) (Elf:2)
  44 blink frogs
  A spriggan zombie (Depths:2)
  14 dream sheep
  8 snapping turtles
  Sigmund (D:4)
  2 redbacks (Vaults:4)
  An ettin skeleton (Vaults:3)
  3 wraiths
  A spriggan (shapeshifter) (Vaults:5)
  A tarantella (Vaults:4)
  A redback (shapeshifter) (Elf:3)
  3 spriggans (Depths:5)
  18 water elementals
  3 shadows
  A hog (shapeshifter) (Elf:2)
  A large abomination (D:11)
  8 wyverns
  2 fire elementals (Elf:2)
  A golden eye (shapeshifter) (D:13)
  A fire bat (shapeshifter) (Vaults:5)
  A steam dragon (D:10)
  63 yaks
  2 neqoxecs
  3 fire bats (Lair:3)
  A human (D:13)
  12 vampire mosquitoes
  7 basilisks
  2 small abominations (D:11)
  A chaos spawn (Gauntlet)
  48 nagas
  A swamp worm (shapeshifter) (D:13)
  6 wargs
  19 water moccasins
  2 acid dragons
  25 orc warriors
  An ice beast (D:6)
  3 black bears
  A sky beast (D:5)
  A necrophage (D:6)
  A sky beast (shapeshifter) (D:11)
  A wolf (shapeshifter) (D:13)
  16 boggarts
  26 ogres
  9 wolves
  16 centaurs
  A human skeleton (Vaults:3)
  A rime drake zombie (D:8)
  The ghost of reversiblehash the Covered, an amateur GrFi (D:3)
  A phantom (D:4)
  9 kobold brigands
  16 bullfrogs
  2 earth elementals (Elf:3)
  2 gnoll sergeants
  A scorpion (shapeshifter) (D:13)
  2 scorpions
  A water moccasin zombie (D:7)
  A hornet simulacrum (D:15)
  2 wyvern skeletons
  A water moccasin skeleton (D:7)
  7 killer bees (D:9)
  3 howler monkeys (D:10)
  7 wights
  An electric eel (Elf:3)
  4 crimson imps (D:8)
  2 centaur zombies
  A jelly (D:4)
  12 orc priests
  A hound (D:7)
  2 centaur skeletons (D:7)
  An iguana (D:5)
  26 orc wizards
  A hound skeleton (D:4)
  Robin (D:3)
  8 gnolls
  2 howler monkey skeletons
  2 howler monkey zombies
  A river rat (shapeshifter) (Vaults:5)
  5 adders
  7 white imps
  3 ufetubi
  An adder skeleton (D:4)
  3 worms
  2 dart slugs
  101 orcs
  4 bats
  8 endoplasms
  4 giant cockroaches
  15 goblins
  15 hobgoblins
  4 jackals (D:1)
  A quokka (D:2)
  6 ball pythons
  3 frilled lizards
  30 kobolds
  5 rats
2331 creatures vanquished.

Vanquished Creatures (others)
  A deep elf zephyrmancer (Elf:2)
  A deep elf pyromancer (Elf:2)
  A draconian (Zot:4)
  A polar bear (IceCv)
  A boggart (Vaults:3)
  A centaur (Shoals:1)
  An orc (D:14)
  11 demonic plants (Gauntlet)
  40 fungi
  138 plants
  3 withered plants (Gauntlet)
199 creatures vanquished.

Grand Total: 2530 creatures vanquished

Notes
Turn   | Place    | Note
-------+----------+-------------------------------------------
     0 | D:1      | oldmanjim the Minotaur Fighter began the quest for the Orb.
     0 | D:1      | Reached XP level 1. HP: 19/19 MP: 0/0
   128 | D:1      | Found a faded altar of an unknown god.
   296 | D:1      | Identified a scroll of acquirement
   296 | D:1      | Acquired the ring "Ysin" {rElec rPois rC+ Str+6}
   330 | D:1      | Reached XP level 2. HP: 26/27 MP: 1/1
   439 | D:1      | Reached XP level 3. HP: 32/33 MP: 2/2
   679 | D:2      | Reached XP level 4. HP: 22/40 MP: 3/3
   970 | D:2      | Found a hide-covered altar of Uskayaw.
  1701 | D:3      | Reached skill level 5 in Shields
  1753 | D:3      | Noticed Robin
  1761 | D:3      | Killed Robin
  1888 | D:3      | Found a runed translucent gate.
  1888 | D:3      | Found a runed translucent gate.
  1888 | D:3      | Found a runed translucent gate.
  1890 | D:3      | Noticed reversiblehash's ghost (amateur GrFi)
  2049 | D:3      | Reached XP level 5. HP: 30/46 MP: 4/4
  2185 | D:3      | Noticed Grinder
  2199 | D:3      | Killed Grinder
  2200 | D:3      | Reached skill level 5 in Axes
  2200 | D:3      | Reached XP level 6. HP: 30/52 MP: 5/5
  2612 | D:3      | Found an ornate altar of the Wu Jian Council.
  2865 | D:4      | Acquired the ring "Korghirrunn" {+Blink Fly MP+9 Str+4}
  3212 | D:4      | Noticed Sigmund
  3217 | D:4      | Killed Sigmund
  3218 | D:4      | Reached XP level 7. HP: 57/59 MP: 6/6
  3306 | D:4      | Acquired 913 gold pieces
  3498 | D:5      | Entered Level 5 of the Dungeon
  3543 | D:5      | Found a blossoming altar of Fedhas.
  3763 | D:5      | Acquired a manual of Axes
  4024 | D:5      | Found a shimmering altar of Xom.
  4025 | D:5      | Found a shimmering blue altar of Sif Muna.
  4052 | D:5      | Found a basalt altar of Yredelemnul.
  4053 | D:5      | Found an iron altar of Okawaru.
  4288 | D:5      | Reached skill level 5 in Fighting
  4288 | D:5      | Reached XP level 8. HP: 68/68 MP: 7/7
  4469 | D:5      | Found a staircase to the Ecumenical Temple.
  4560 | D:6      | Found an opulent altar of Gozag.
  4585 | D:6      | Reached skill level 1 in Dodging
  4657 | D:6      | Noticed Maggie
  4677 | D:6      | Killed Maggie
  4678 | D:6      | Reached skill level 10 in Axes
  5249 | D:5      | Became a worshipper of Warmaster Okawaru
  5308 | D:6      | Reached XP level 9. HP: 47/74 MP: 8/8
  5558 | D:6      | Reached skill level 5 in Armour
  6000 | D:7      | Reached skill level 10 in Shields
  6000 | D:7      | Reached skill level 1 in Invocations
  6329 | D:7      | Acquired the amulet of Rurypliv {Spirit rF+ Str+6}
  6432 | D:7      | Reached * piety under Okawaru
  6768 | D:8      | Found a glowing golden altar of the Shining One.
  6868 | D:8      | Found a staircase to the Lair.
  6868 | D:8      | Noticed an elephant
  6893 | D:8      | Killed an elephant
  6893 | D:8      | Reached ** piety under Okawaru
  6894 | D:8      | Reached skill level 1 in Evocations
  6935 | D:8      | Reached XP level 10. HP: 81/81 MP: 12/12
  7384 | D:8      | Reached skill level 5 in Invocations
  7892 | D:9      | Found a staircase to the Orcish Mines.
  8044 | D:9      | Noticed a manticore
  8064 | D:9      | Reached skill level 15 in Axes
  8086 | D:9      | Reached *** piety under Okawaru
  8218 | D:9      | Killed a manticore
  8247 | D:9      | Identified the +1 robe of Gravity {rCorr Int-2 Slay+3
                  | Archmagi}
  8950 | D:9      | Noticed a two-headed ogre
  8957 | D:9      | Killed a two-headed ogre
  8957 | D:9      | Reached **** piety under Okawaru
  9130 | D:10     | Entered Level 10 of the Dungeon
  9198 | D:10     | Reached XP level 11. HP: 79/89 MP: 14/14
  9395 | D:10     | Reached ***** piety under Okawaru
  9524 | D:10     | Found a radiant altar of Vehumet.
  9655 | D:10     | Noticed a two-headed ogre
  9666 | D:10     | Killed a two-headed ogre
  9666 | D:10     | Received a gift from Okawaru
  9832 | D:10     | Found a broken altar of Ashenzari.
 10206 | Lair:1   | Entered Level 1 of the Lair of Beasts
 10206 | Lair:1   | Noticed an eight-headed hydra
 10214 | Lair:1   | Killed an eight-headed hydra
 10390 | Lair:1   | Received a gift from Okawaru
 10898 | Lair:1   | Noticed a six-headed hydra
 10907 | Lair:1   | Killed a six-headed hydra
 10907 | Lair:1   | Received a gift from Okawaru
 11004 | Lair:1   | Found a broken altar of Ashenzari.
 11205 | Lair:1   | Reached XP level 12. HP: 97/97 MP: 15/15
 11648 | Lair:2   | Reached skill level 15 in Shields
 11661 | Lair:2   | Reached ****** piety under Okawaru
 11712 | Lair:2   | Reached skill level 1 in Crossbows
 11796 | Lair:2   | Noticed a seven-headed hydra
 11970 | Lair:2   | Found a staircase to the Shoals.
 11998 | Lair:2   | Killed a seven-headed hydra
 11999 | Lair:2   | Reached skill level 5 in Dodging
 12079 | Lair:2   | Noticed a four-headed hydra
 12085 | Lair:2   | Killed a four-headed hydra
 12085 | Lair:2   | Received a gift from Okawaru
 12645 | Lair:2   | Found a staircase to the Snake Pit.
 12726 | Lair:2   | Reached XP level 13. HP: 108/108 MP: 17/17
 13020 | Lair:3   | Found a gate leading to a gauntlet.
 13028 | Gauntlet | Entered a Gauntlet
 13028 | Gauntlet | Found a transporter.
 13028 | Gauntlet | Found a transporter.
 13032 | Gauntlet | Found a transporter.
 13032 | Gauntlet | Found a transporter.
 13042 | Gauntlet | Found a transporter.
 13057 | Gauntlet | Found a transporter.
 13064 | Gauntlet | Found a transporter.
 13065 | Gauntlet | Found a transporter.
 13065 | Gauntlet | Found a transporter.
 13070 | Gauntlet | Found a transporter.
 13104 | Gauntlet | Found a transporter.
 13126 | Gauntlet | Found a transporter.
 13161 | Gauntlet | Found a transporter.
 13183 | Gauntlet | Found a transporter.
 13277 | Gauntlet | Found a transporter.
 13292 | Gauntlet | Found a transporter.
 13511 | Gauntlet | Gained mutation: Your magical capacity is low. (-10% MP) [a
                  | neqoxec]
 13515 | Gauntlet | Gained mutation: You are strong-willed. (Will+) [a neqoxec]
 13528 | Gauntlet | Identified the ring of Kaorhot {rPois rF- rN+ Str+3 Int+2}
 13581 | Gauntlet | Noticed an ironbound preserver
 13586 | Gauntlet | Noticed an ironbound preserver
 13637 | Gauntlet | Identified the ring of Jiloew {rN+ Dex+5}
 13645 | Gauntlet | Reached skill level 5 in Evocations
 13737 | Gauntlet | Identified the +4 swamp dragon scales of Nich {Rampage
                  | rElec rPois Str-3 Int+4}
 13737 | Gauntlet | Noticed a minotaur
 13752 | Gauntlet | Killed a minotaur
 13913 | Gauntlet | Got Xuihet's Catalogue of Poisonous Flight
 14024 | Lair:3   | Reached skill level 10 in Fighting
 14365 | Lair:3   | Received a gift from Okawaru
 14371 | Lair:3   | Reached skill level 5 in Crossbows
 15626 | Lair:4   | Identified the +7 long sword of Iceadd {spect, rElec rC+}
                  | (Okawaru gifted it to you on level 4 of the Lair of Beasts)
 15626 | Lair:4   | Received a gift from Okawaru
 15627 | Lair:4   | Reached skill level 10 in Armour
 16577 | Lair:5   | Reached XP level 14. HP: 121/121 MP: 18/18
 16649 | Lair:5   | Reached skill level 10 in Invocations
 17789 | Lair:6   | Entered Level 6 of the Lair of Beasts
 17804 | Lair:6   | Received a gift from Okawaru
 18308 | Lair:6   | Received a gift from Okawaru
 18343 | Lair:6   | Received a gift from Okawaru
 19015 | Lair:6   | Received a gift from Okawaru
 19170 | Lair:6   | Received a gift from Okawaru
 19170 | Lair:6   | Found the +12 glaive of Prune {vorpal}
 19305 | Lair:6   | Reached XP level 15. HP: 86/132 MP: 19/20
 19557 | Lair:6   | Identified the +12 plate armour of the Leaf {rElec Will+}
 19582 | Lair:6   | Got Sif Muna's Reference Book on Earthen Attacks
 19803 | Lair:6   | Received a gift from Okawaru
 20877 | Lair:6   | Found a viscous altar of Jiyva.
 20877 | Lair:6   | Found a staircase to the Slime Pits.
 21186 | D:3      | Killed reversiblehash's ghost
 21321 | Orc:1    | Entered Level 1 of the Orcish Mines
 21575 | Orc:2    | Entered Level 2 of the Orcish Mines
 21832 | Orc:2    | Noticed an orc warlord
 21887 | Orc:2    | Found a staircase to the Elven Halls.
 21949 | Orc:2    | Killed an orc warlord
 22085 | Orc:2    | Received a gift from Okawaru
 22192 | Orc:2    | Received a gift from Okawaru
 22351 | Orc:2    | Found Hiudgh's General Store.
 22351 | Orc:2    | Found Pableub's Magic Scroll Shop.
 22353 | Orc:2    | Found Tempo's Book Shop.
 22353 | Orc:2    | Found Ipoas's Book Emporium.
 22506 | Orc:2    | Bought a scroll of silence for 112 gold pieces
 22510 | Orc:2    | Bought a manual of Armour for 800 gold pieces
 22522 | Orc:2    | Noticed an orc warlord
 22569 | Orc:2    | Killed an orc warlord
 23848 | D:11     | Found a transporter.
 23894 | D:11     | Found a transporter.
 23895 | D:11     | Found a corrupted altar of Lugonu.
 24125 | D:12     | Reached XP level 16. HP: 139/139 MP: 22/22
 24258 | D:12     | Received a gift from Okawaru
 24437 | D:12     | Noticed Nergalle
 24490 | D:12     | Killed Nergalle
 24608 | D:12     | Acquired a manual of Fighting
 25047 | D:13     | Found a runed translucent gate.
 25049 | D:13     | Found a runed translucent gate.
 25050 | D:13     | Found a runed translucent gate.
 25502 | D:13     | You are sucked into a shaft and drop 2 floors!
 25502 | D:15     | Entered Level 15 of the Dungeon
 25502 | D:15     | Noticed Louise
 25514 | D:15     | Killed Louise
 25541 | D:15     | Noticed Agnes
 25549 | D:15     | Killed Agnes
 25580 | D:15     | Found a staircase to the Depths.
 25613 | D:15     | Found a frozen archway.
 25627 | IceCv    | Entered an ice cave
 26201 | IceCv    | Received a gift from Okawaru
 26227 | IceCv    | Reached skill level 15 in Armour
 26312 | IceCv    | Received a gift from Okawaru
 26533 | IceCv    | Identified the -5 pair of gloves "Faneenys" {rF+ Will+}
 27963 | D:13     | Found a gate to the Vaults.
 27970 | D:13     | Reached skill level 15 in Fighting
 28072 | D:14     | Received a gift from Okawaru
 28074 | D:14     | Reached XP level 17. HP: 151/156 MP: 23/23
 28964 | D:15     | Received a gift from Okawaru
 29345 | D:13     | Received a gift from Okawaru
 29348 | D:13     | Found a runed translucent gate.
 29348 | D:13     | Found a runed translucent gate.
 29351 | D:13     | Found a runed translucent gate.
 29355 | D:13     | Noticed Duder's ghost (journeyman MiBe)
 29391 | D:13     | Killed Duder's ghost
 29991 | Snake:1  | Entered Level 1 of the Snake Pit
 29991 | Snake:1  | Found Viraenke's Armour Boutique.
 30659 | Snake:1  | Identified the +1 plate armour of the Constellations {rPois
                  | Str+4 Dex+9} (Okawaru gifted it to you on level 1 of the
                  | Snake Pit)
 30659 | Snake:1  | Received a gift from Okawaru
 30983 | Snake:2  | Found Tuomuvvoa's Weapon Emporium.
 30989 | Snake:2  | Found Ribugot's Antique Armour Emporium.
 31023 | Snake:2  | Found the +0 mask of the Dragon {Will+ Slay+3 SInv}
 31289 | Snake:2  | Noticed Donald
 31421 | Snake:2  | Killed Donald
 32150 | Snake:3  | Noticed Aizul
 32208 | Snake:3  | Reached XP level 18. HP: 172/172 MP: 23/23
 32282 | Snake:3  | Identified the +2 robe of the Pure Ships {Dex-4 Slay+5}
                  | (Okawaru gifted it to you on level 3 of the Snake Pit)
 32282 | Snake:3  | Received a gift from Okawaru
 32730 | Snake:3  | Killed Aizul
 33315 | Snake:4  | Entered Level 4 of the Snake Pit
 33400 | Snake:4  | Found Guysiang's Book Emporium.
 33424 | Snake:4  | Found Elaneaha's General Store.
 33431 | Snake:4  | Bought a scroll of teleportation for 39 gold pieces
 33494 | Snake:4  | Found Haaki's Jewellery Boutique.
 33613 | Snake:4  | Found Opnog's Antique Weapon Shoppe.
 33791 | Snake:4  | Received a gift from Okawaru
 34507 | Snake:4  | Received a gift from Okawaru
 34994 | Snake:4  | Reached XP level 19. HP: 166/179 MP: 24/24
 35103 | Snake:4  | Got a serpentine rune of Zot
 35253 | Shoals:1 | Entered Level 1 of the Shoals
 35386 | Shoals:1 | Noticed Nikola
 35409 | Shoals:1 | Killed Nikola
 35409 | Shoals:1 | Received a gift from Okawaru
 35516 | Shoals:1 | Received a gift from Okawaru
 35764 | Shoals:1 | Noticed Frances
 35779 | Shoals:1 | Killed Frances
 36901 | Shoals:2 | Found Geoxkega's Self-Improvement Boutique.
 37411 | Shoals:3 | Noticed Polyphemus
 37433 | Shoals:2 | Received a gift from Okawaru
 38095 | Shoals:3 | Killed Polyphemus
 38465 | Shoals:3 | Found Qayc's Mayhem Merchandise.
 38748 | Shoals:4 | Entered Level 4 of the Shoals
 38827 | Shoals:4 | Reached skill level 10 in Crossbows
 38932 | Shoals:4 | Got a barnacled rune of Zot
 38956 | Shoals:4 | Identified the +0 pair of boots of Okawaru's Castigation
                  | {Str+3} (Okawaru gifted it to you on level 4 of the Shoals)
 38956 | Shoals:4 | Received a gift from Okawaru
 39673 | Shoals:4 | Noticed Bai Suzhen
 39693 | Shoals:4 | Killed Bai Suzhen
 39706 | Shoals:4 | Reached XP level 20. HP: 120/187 MP: 19/25
 40491 | Orc:2    | Bought a manual of Invocations for 1200 gold pieces
 40506 | Elf:1    | Entered Level 1 of the Elven Halls
 40891 | Elf:1    | Found a bloodstained altar of Trog.
 40891 | Elf:1    | Noticed doobhtoobh's ghost (adept KoEn)
 40892 | Elf:1    | Identified the +5 longbow of World Downfall {flame, *Slow
                  | rElec rN+++ Str-5}
 41033 | Elf:1    | Found a transporter.
 41035 | Elf:1    | Found a transporter.
 41316 | Elf:1    | Received a gift from Okawaru
 41340 | Elf:1    | Got the Collected Works on Confrontation
 42355 | Elf:2    | Identified the +8 hand axe "Zuasch Venom" {flame, Fragile
                  | Str+9 Int+9}
 42426 | Elf:2    | Found Tyohiott's Distillery.
 42630 | Elf:2    | Found Oclec's Jewellery Shop.
 42678 | Elf:2    | Found a runed translucent gate.
 42678 | Elf:2    | Found a runed translucent gate.
 42678 | Elf:2    | Found a runed translucent gate.
 42790 | Elf:2    | Reached skill level 15 in Invocations
 43292 | Elf:3    | Entered Level 3 of the Elven Halls
 43544 | Elf:3    | Found Takhlogid's Assorted Antiques.
 43551 | Elf:3    | Bought a potion of heal wounds for 195 gold pieces
 43551 | Elf:3    | Bought a potion of heal wounds for 195 gold pieces
 43602 | Elf:3    | Identified the +0 chain mail of the Butterfly {*Corrode
                  | rF+++ rN++ Will-}
 43725 | Elf:3    | Identified the +9 executioner's axe "Headwics" {vorpal,
                  | Fragile rElec rN+ SInv} (Okawaru gifted it to you on level
                  | 3 of the Elven Halls)
 43725 | Elf:3    | Received a gift from Okawaru
 44405 | Elf:3    | Reached XP level 21. HP: 167/198 MP: 26/29
 44430 | Elf:3    | Identified the +5 eveningstar of Recklessness {vamp, rF-
                  | rN++ Str+2 Int-3}
 44437 | Elf:3    | Identified the ring "Seroq" {Str+3 Int+6}
 44459 | Elf:3    | Got the Guide on the Dusty Snowflakes
 44598 | Elf:3    | Received a gift from Okawaru
 45016 | Vaults:1 | Entered Level 1 of the Vaults
 45212 | Vaults:1 | Received a gift from Okawaru
 45419 | Vaults:1 | You are sucked into a shaft and drop 1 floor!
 45426 | Vaults:2 | Identified the quicksilver dragon scales "Byemihac" {Will+
                  | Dex+4} (Okawaru gifted it to you on level 2 of the Vaults)
 45426 | Vaults:2 | Received a gift from Okawaru
 46335 | Vaults:1 | Received a gift from Okawaru
 47369 | Vaults:2 | Found Rympuk's Antique Armour Boutique.
 47936 | Vaults:3 | Received a gift from Okawaru
 47937 | Vaults:3 | Reached XP level 22. HP: 197/209 MP: 30/30
 48233 | Vaults:3 | Found a staircase to the Crypt.
 48746 | Vaults:3 | Received a gift from Okawaru
 49400 | Vaults:3 | Found Luso's Weapon Shop.
 49631 | Vaults:3 | Reached skill level 10 in Dodging
 49799 | Vaults:4 | Received a gift from Okawaru
 49907 | Vaults:4 | Received a gift from Okawaru
 50505 | Vaults:4 | Found Utumis's Assorted Antiques.
 50526 | Vaults:4 | Bought a spiked cloak for 228 gold pieces
 50526 | Vaults:4 | Identified the +1 cloak of the Pits of Slime {rF++} (You
                  | bought it in a shop on level 4 of the Vaults)
 50607 | Vaults:4 | Reached XP level 23. HP: 189/217 MP: 30/31
 51013 | Vaults:2 | Bought the +18 shield of the Gong {rElec rN+ Will+ EV-5}
                  | for 2724 gold pieces
 51013 | Vaults:2 | Found the +18 shield of the Gong {rElec rN+ Will+ EV-5}
 51257 | Depths:1 | Entered Level 1 of the Depths
 51321 | Depths:1 | Found a gateway to Hell.
 51412 | Depths:1 | You are sucked into a shaft and drop 1 floor!
 51454 | Depths:1 | Found a sparkling altar of Nemelex Xobeh.
 51478 | Depths:1 | Noticed a caustic shrike
 51478 | Depths:1 | Noticed a caustic shrike
 51482 | Depths:1 | Noticed a caustic shrike
 51483 | Depths:1 | Noticed a caustic shrike
 51486 | Depths:1 | Noticed a caustic shrike
 51488 | Depths:1 | Killed a caustic shrike
 51488 | Depths:1 | Received a gift from Okawaru
 51494 | Depths:1 | Killed a caustic shrike
 51496 | Depths:1 | Killed a caustic shrike
 51499 | Depths:1 | Killed a caustic shrike
 51501 | Depths:1 | Killed a caustic shrike
 51869 | Depths:1 | Found a one-way gate leading to the halls of Pandemonium.
 52006 | Depths:1 | Received a gift from Okawaru
 52318 | Depths:2 | You are sucked into a shaft and drop 1 floor!
 52872 | Depths:2 | Acquired the +9 crystal plate armour of Reason {Fly rF+
                  | MP+9}
 52892 | Depths:2 | Noticed a juggernaut
 52908 | Depths:2 | Killed a juggernaut
 52912 | Depths:2 | Noticed a juggernaut
 52921 | Depths:2 | Killed a juggernaut
 53848 | Depths:2 | Identified the +6 trident "Giant's Funeral" {vamp, Drain
                  | rPois rC+ SInv} (Okawaru gifted it to you on level 2 of the
                  | Depths)
 53848 | Depths:2 | Received a gift from Okawaru
 54148 | Depths:3 | Found a gateway to a ziggurat.
 54573 | Depths:3 | Found a one-way gate to the infinite horrors of the Abyss.
 54987 | Depths:3 | Found a hide-covered altar of Uskayaw.
 55126 | Depths:3 | Reached XP level 24. HP: 228/228 MP: 31/31
 55531 | Depths:4 | Reached skill level 15 in Dodging
 55860 | Depths:4 | Received a gift from Okawaru
 56025 | Depths:4 | Identified the +9 quarterstaff of Squeaky Indomitability
                  | {freeze, *Corrode rN+++ MP+9 Str-4}
 56162 | Depths:4 | Got Jebbuthre's Compendium of Heat and the Frostbite
 56512 | Depths:4 | Acquired the +0 pair of gloves of the Equinox {Rampage
                  | Will++ Dex-3 Slay+4 Stlth+}
 57064 | Depths:5 | Entered Level 5 of the Depths
 57252 | Depths:5 | Found Atyokath's Book Shop.
 57254 | Depths:5 | Found Owkatoz's Jewellery Shoppe.
 57295 | Depths:5 | Found Tisasa's Book Shop.
 57602 | Depths:5 | Received a gift from Okawaru
 57907 | Depths:5 | Found a gate to the Realm of Zot.
 57945 | Depths:5 | Received a gift from Okawaru
 58260 | Depths:5 | Found a sacrificial altar of Ru.
 58777 | Vaults:5 | Entered Level 5 of the Vaults
 58786 | Vaults:5 | Noticed a dread lich
 58805 | Vaults:5 | Killed a dread lich
 58859 | Vaults:5 | Reached XP level 25. HP: 209/243 MP: 31/31
 58998 | Vaults:5 | Identified the +8 long sword of Omoreef {holy, rCorr SInv}
 59341 | Vaults:5 | Received a gift from Okawaru
 59518 | Vaults:5 | Identified the ring "Heuss" {Contam Fly rPois rC- Str+6}
 59521 | Vaults:5 | Noticed an ancient lich
 59539 | Vaults:5 | Killed an ancient lich
 59911 | Vaults:5 | Identified the +0 ring mail of the Desert {+Inv rC- Str-3
                  | Int+5} (Okawaru gifted it to you on level 5 of the Vaults)
 59911 | Vaults:5 | Received a gift from Okawaru
 60138 | Vaults:5 | Identified the ring of the Dropbear {rC+ Int+2}
 60288 | Vaults:5 | Identified the ring "Itopagg" {rF- rN++ rCorr Dex+3}
 60334 | Vaults:5 | Identified the +3 spear of Equivalence {chaos, *Slow
                  | Fragile rF+++ Str+5}
 60427 | Vaults:5 | Got a silver rune of Zot
 60597 | Vaults:5 | Acquired 1107 gold pieces
 60662 | Vaults:5 | Found Divec's Weapon Shoppe.
 60667 | Vaults:5 | Got the Catalogue of Dusty Execration
 60677 | Vaults:5 | Got the Grimoire of the Rocks and Flight
 60807 | Vaults:5 | Identified the +1 chain mail of the King of the Hill {rPois
                  | rC- Stlth+}
 60859 | Vaults:5 | Identified the +2 pair of boots of the Dwarven Hall {rElec
                  | Will- MP+9 Stlth-}
 60864 | Vaults:5 | Got the Volume of the Ashen Frostbite
 61270 | Zot:1    | Entered Level 1 of the Realm of Zot
 61866 | Zot:1    | Reached XP level 26. HP: 255/257 MP: 31/31
 62320 | Zot:2    | Noticed an orb of fire
 62755 | Zot:2    | Gained mutation: Armour fits poorly on your strangely
                  | shaped body. [an orb of fire]
 62757 | Zot:2    | Noticed an orb of fire
 62770 | Zot:2    | Gained mutation: You sometimes lose the ability to read
                  | scrolls when taking damage. [an orb of fire]
 62774 | Zot:2    | Killed an orb of fire
 62774 | Zot:2    | Received a gift from Okawaru
 62780 | Zot:2    | Killed an orb of fire
 63021 | Zot:2    | Received a gift from Okawaru
 63596 | Zot:2    | Noticed an orb of fire
 63601 | Zot:2    | Gained mutation: Your spells are a little easier to cast,
                  | but a little less powerful. [an orb of fire]
 63611 | Zot:2    | Killed an orb of fire
 65118 | Zot:3    | Noticed a dread lich
 65142 | Zot:3    | Killed a dread lich
 65578 | Zot:3    | Found Tastrous's Changing Room.
 65611 | Zot:3    | Bought a potion of mutation for 168 gold pieces
 65611 | Zot:3    | Bought a potion of mutation for 168 gold pieces
 66066 | Zot:3    | Received a gift from Okawaru
 66069 | Zot:3    | Noticed a dread lich
 66076 | Zot:3    | Killed a dread lich
 66175 | Zot:3    | Identified the +11 long sword of the Salmon {antimagic,
                  | rElec Dex+3}
 66388 | Zot:3    | Lost mutation: Armour fits poorly on your strangely shaped
                  | body. [potion of mutation]
 66388 | Zot:3    | Lost mutation: Your magical capacity is low. (-10% MP)
                  | [potion of mutation]
 66388 | Zot:3    | Lost mutation: You are strong-willed. (Will+) [potion of
                  | mutation]
 66388 | Zot:3    | Gained mutation: You expend magic power (3 MP) to
                  | strengthen your wands. [potion of mutation]
 66389 | Zot:3    | Lost mutation: Your spells are a little easier to cast, but
                  | a little less powerful. [potion of mutation]
 66389 | Zot:3    | Lost mutation: You sometimes lose the ability to read
                  | scrolls when taking damage. [potion of mutation]
 66389 | Zot:3    | Gained mutation: You possess an exceptional clarity of
                  | mind. [potion of mutation]
 66389 | Zot:3    | Gained mutation: Your flesh is cold resistant. (rC+)
                  | [potion of mutation]
 66688 | Zot:4    | Reached XP level 27. HP: 271/271 MP: 35/35
 67341 | Zot:4    | Received a gift from Okawaru
 67342 | Zot:4    | Reached skill level 27 in Armour
 67348 | Zot:4    | Reached skill level 27 in Fighting
 67574 | Zot:5    | Entered Level 5 of the Realm of Zot
 67727 | Zot:5    | Found a runed translucent gate.
 67727 | Zot:5    | Found a runed translucent gate.
 67730 | Zot:5    | Found a runed translucent gate.
 67739 | Zot:5    | Noticed thromnambular's ghost (legendary DjFE)
 67803 | Zot:5    | Received a gift from Okawaru
 68698 | Zot:5    | Identified the +4 bardiche of Callousness {distort, Str+5}
 68707 | Zot:5    | Noticed an ancient lich
 68708 | Zot:5    | Noticed an orb of fire
 68717 | Zot:5    | Noticed an orb of fire
 68741 | Zot:5    | Killed an orb of fire
 68741 | Zot:5    | Received a gift from Okawaru
 68753 | Zot:5    | Killed an orb of fire
 68778 | Zot:5    | Killed an ancient lich
 69104 | Zot:5    | Identified the +1 chain mail of the Griffon {rElec}
                  | (Okawaru gifted it to you on level 5 of the Realm of Zot)
 69104 | Zot:5    | Received a gift from Okawaru
 69193 | Zot:5    | Reached skill level 10 in Evocations
 69214 | Zot:5    | Noticed a dread lich
 69229 | Zot:5    | Killed a dread lich
 69452 | Zot:5    | Noticed an orb of fire
 69479 | Zot:5    | Killed an orb of fire
 69616 | Zot:5    | Received a gift from Okawaru
 69666 | Zot:5    | Noticed an orb of fire
 69674 | Zot:5    | Killed an orb of fire
 69674 | Zot:5    | Received a gift from Okawaru
 69703 | Zot:5    | Received a gift from Okawaru
 69739 | Zot:5    | Identified the +0 pair of boots of Fiaschy {Int+6} (Okawaru
                  | gifted it to you on level 5 of the Realm of Zot)
 69739 | Zot:5    | Received a gift from Okawaru
 70048 | Zot:5    | Killed thromnambular's ghost
 70132 | Zot:5    | Identified the ring of Mewkaz {Drain rPois rC+ MP+9 Int+6}
 70137 | Zot:5    | Got Sif Muna's Disquisition on the Snowflakes and Fire
 70268 | Zot:5    | Got the Orb of Zot
 70677 | D:11     | Noticed Fich the pandemonium lord
 70936 | D:$      | Escaped with the Orb!

Illustrated notes

Levels and vault maps discovered:
D:1:      wander_arrival_fairy_ring, layout_rooms,
          ebering_ecumenical_altar_abandoned
D:2:      layout_basic, basic_altar, minmay_misc_feat_columns
D:3:      layout_loops_ring, nzn_wu_jian_council_hall, gammafunk_ghost_split,
          uniq_grinder, uniq_robin
D:4:      layout_cave_pools, minmay_door_square, uniq_sigmund
D:5:      layout_layer_cave, nicolae_overflow_hidden_temple, lemuel_round_altar,
          minmay_temple_entry_butterflies, st_stairs_10
D:6:      layout_basic, mainiacjoe_overflow_concentric_impassable, uniq_maggie
D:7:      layout_cave_pools, serial_park, serial_park_square3
          [serial_park_minivault_5x5_2], serial_park_tiny_pond,
          serial_park_tiny_1, serial_park_square2, serial_park_square1
          [serial_park_minivault_5x5_5]
D:8:      layout_basic, mainiacjoe_overflow_paths, david_lair_generic,
          corexii_checkpoint_a, minmay_nine_imps
D:9:      layout_loops_corners, david_orc_2, minmay_mirror_moons_of_madness
D:10:     layout_gridville, nicolae_vehumet_altar_sigil, lemuel_crystal_altar
D:11:     gammafunk_corrupted_shrine, layout_long_grid, special_room
          [special_room_orc], minivault_20
D:12:     layout_rooms, kennysheep_generic_room_11, uniq_nergalle
D:13:     layout_irregular_city, grunt_vaults_entry_fortified,
          ploomutoo_gammafunk_ghost_potion_laboratory,
          chequers_serial_rivers_small_3
D:14:     layout_rooms
D:15:     grunt_enter_depths_snipers, layout_gridville,
          portal_ice_cave_entry_ice_statue_one, nicolae_water_bricks,
          uniq_agnes, uniq_louise
Lair:1:   layout_hall_layers, basic_altar, fungi_pond_lemuel, st_stairs_9,
          grunt_megastairs_5
Lair:2:   layout_regular_city, elwin_shoals_entry_stream,
          guppyfry_snake_entry_garden, st_stairs_9, beast_lair_carwin_2,
          grunt_megastairs_4
Lair:3:   layout_concentric_octagons, nicolae_volcano_entry_batcave,
          gauntlet_entry_generic
Lair:4:   layout_cave_pods, kennysheep_basilisk_garden
Lair:5:   nzn_winding_woodlands_stair_cross
          [nzn_winding_woodlands_5x15_sawtooth,
          nzn_winding_woodlands_center_pierced_h,
          nzn_winding_woodlands_5x15_crooked, nzn_winding_woodlands_5x5_cross,
          nzn_winding_woodlands_5x5_perimeter,
          nzn_winding_woodlands_5x15_default,
          nzn_winding_woodlands_center_lodge,
          nzn_winding_woodlands_5x15_lazy_stream], layout_regular_city,
          lemuel_fruit_tree, infiniplex_staircase_pool_2
Lair:6:   grunt_lair_end_beastmaster, layout_cave_pods,
          dpeg_slime_entry_enclosed_altar, minmay_lair_oklob_chamber,
          grunt_megastairs_1
Shoals:1: layout_shoals, uniq_nikola, uniq_frances
Shoals:2: layout_shoals, nicolae_shop_self_help
Shoals:3: layout_shoals, serial_shops, nicolae_take_the_stairs,
          minmay_shop_mayhem, st_sunken_huts, uniq_polyphemus
Shoals:4: shoals_end_grunt_ice, layout_shoals, uniq_bai_suzhen
Snake:1:  cheibrodos_forgotten_conduit, layout_onion, serial_shops,
          nicolae_shop_waterfront
Snake:2:  layout_rooms, minmay_shop_star, uniq_donald
Snake:3:  layout_cave_town, grunt_ministairs_13, uniq_aizul
Snake:4:  grunt_snake_rune_serpentine_throne, layout_grid_maze, serial_shops,
          shop, nicolae_diamond_shop, shop, shop
Orc:1:    layout_caves
Orc:2:    st_orc_ogre_mass, layout_caves
Elf:1:    minmay_elf_arrival_summoners, layout_geoelf_diagonals,
          gammafunk_ghost_wrathful_warriors, minmay_elf_annihilation,
          serial_sigils_hangedman_gnaw, corexii_hall_statues_deadend
Elf:2:    elven_hall_of_blades_hangedman_original [mumra_blade_entry_dagger],
          layout_gridlike, serial_shops, shop_statue, nicolae_stop_n_shop_1
Elf:3:    elf_hall_gauntlet_narrow, layout_geoelf_castle, serial_shops, shop
Vaults:1: nicolae_vaults_asterisk, nicolae_vaults_what_the_h, v_misc_16,
          hangedman_vaults_hat, hangedman_vaults_locks, ontoclasm_vaults_spin,
          vaults_mumra_bighexcomb, vaults_room_pool,
          nicolae_vaults_specimen_jars, v_pattern_1, v_misc_14,
          nicolae_vaults_asterisk, nicolae_vaults_asterisk,
          layout_vaults_omnicross
Vaults:2: ontoclasm_vaults_claustrophobia, vaults_standard_mumra_lines,
          hangedman_vaults_hard_town_square, vaults_dpeg_cross,
          nicolae_vaults_little_squares_3, dpeg_vaults_monster_box, v_rooms_3,
          nicolae_vaults_shelves_hall, vaults_room_corners, vaults_room_boxed,
          hangedman_vaults_maws, vaults_room_door_ring, v_misc_13,
          layout_vaults_omnibox, serial_shops, nicolae_lakefront_shop
Vaults:3: hangedman_vaults_stream, minmay_crypt_entry_skeletal_spiral,
          v_misc_23, vaults_room_octagon, v_misc_10, vaults_dpeg_doors,
          vaults_room_fancy_cross, vaults_mumra_chevron, vaults_room_pool,
          nicolae_vaults_three_branches, layout_vaults_omnigrid, serial_shops,
          shop
Vaults:4: vaults_room_door_hall, nicolae_vaults_network_quinsquares
          [nicolae_vaults_network_quincunx_subvault,
          nicolae_vaults_network_quincunx_subvault,
          nicolae_vaults_network_quincunx_subvault,
          nicolae_vaults_network_quincunx_subvault], hangedman_vaults_nails,
          vaults_dpeg_encased_lava, ontoclasm_vaults_gateway, st_more_cells,
          vaults_dpeg_hooks, nicolae_vaults_gold_heap, vaults_room_fours,
          nicolae_vaults_border_crossing, ontoclasm_vaults_misaligned,
          vaults_room_grunt_arrival_ludios, layout_vaults_maze_bifur,
          serial_shops, nicolae_shop_trees
Vaults:5
Depths:1: minmay_chopped_fan, layout_twisted_cross, abyss_entry, hell_entry,
          minmay_curled_crystal, grunt_pan_entry_zigzag,
          nemelex_spade_bored_becter
Depths:2: minmay_three_patterns, layout_cave_pools,
          serial_sigils_hangedman_stare, grunt_hell_entry_dis_mu,
          minmay_misc_feat_roman, serial_bayou_shore_b
Depths:3: regret_index_uskayaw_diablada_macabre, layout_gridlike,
          enter_ziggurat_e, rand_demon_pan_entry_5, abyss_entry, hell_entry,
          grunt_decor_cap, infiniplex_staircase_hallway_doors,
          serial_bayou_shore_b
Depths:4: hangedman_crystal_crosses_colossus [crystal_crosses_arms_four,
          crystal_crosses_arms_four, crystal_crosses_arms_two,
          crystal_crosses_arms_two], pan_entry, abyss_entry, hell_entry,
          uniq_margery
Depths:5: grunt_zot_entry_bicorn, layout_gridlike, grunt_mini_vestibule,
          nicolae_ru_path_of_blood, serial_bayou_shore_b, minmay_shop_grove,
          uniq_jory
Zot:1:    kennysheep_bubbly, layout_onion
Zot:2:    layout_cathedral_of_symmetry, grunt_megastairs_2
Zot:3:    layout_onion_interference, nicolae_transmutations_shop,
          bh_zot_lava_cross, hangedman_snap_crack_crunch
Zot:4:    ebering_greatest_show_in_zot, layout_onion_interference
Zot:5:    layout_gridlike, gammafunk_ghost_split, st_stairs_14,
          grunt_ministairs_8

Skill      XL: |  1  2  3  4  5  6  7  8  9 10 11 12 13 14 15 16 17 18 19 20 21 22 23 24 25 26 27 |
---------------+----------------------------------------------------------------------------------+-----
Armour         | 4 5 6 8 10 12 15 18 19 20 21 22 23 24 26 27 | 27.0
Shields        | 4 5 6 7 8 9 10 11 14 15 16 17 18 19 23 24 25 | 25.0
Fighting       | 4 5 6 8 10 12 15 18 19 20 21 23 24 26 27 | 27.0
Axes           | 3 4 5 6 9 11 13 16 17 18 20 21 22 23 | 23.0
Dodging        | 3 4 5 7 8 11 14 17 20 | 20.0
Invocations    | 4 6 7 9 11 12 13 17 18 19 | 19.8
Evocations     | 1 3 4 5 7 8 12 | 12.1
Crossbows      | 4 6 10 12 | 12.0

Action                   |  1- 3 |  4- 6 |  7- 9 | 10-12 | 13-15 | 16-18 | 19-21 | 22-24 | 25-27 || total
-------------------------+-------+-------+-------+-------+-------+-------+-------+-------+-------++-------
Melee: War axe           |    55 |   110 |   244 |   209 |       |       |       |       |       ||   618
       Headbutt          |     8 |    23 |    64 |   123 |   254 |   231 |   246 |   265 |   273 ||  1487
       Trident           |       |       |       |   321 |   682 |    17 |    27 |       |       ||  1047
       Broad axe         |       |       |       |       |   266 |   861 |   867 |   869 |   868 ||  3731
 Fire: Hand crossbow     |       |       |       |    95 |   362 |   570 |   666 |   472 |   498 ||  2663
Throw: Boomerang         |       |     5 |    38 |    34 |     4 |       |       |       |       ||    81
Invok: Heroism           |       |       |       |     4 |     4 |     7 |     7 |     2 |     4 ||    28
       Finesse           |       |       |       |     1 |     4 |     5 |     5 |     6 |    14 ||    35
 Abil: Evoke Blink       |       |       |       |       |       |       |     2 |       |       ||     2
Evoke: Wand              |       |       |       |       |       |       |     2 |       |     2 ||     4
  Use: Scroll            |     4 |     4 |     4 |     6 |    10 |    12 |     8 |     7 |     3 ||    58
       Potion            |       |       |     1 |       |     3 |       |       |     1 |     8 ||    13
 Stab: Petrified         |       |       |       |       |       |       |     2 |       |       ||     2
Armor: Scale mail        |    28 |    24 |       |    14 |   134 |       |       |       |       ||   200
       Chain mail        |       |    12 |    65 |       |       |       |       |       |       ||    77
       Plate armour      |       |       |    41 |   122 |    72 |   226 |   188 |    73 |       ||   722
       Crystal plate arm |       |       |       |       |       |       |       |    90 |   185 ||   275
Dodge: Dodged            |    27 |    30 |    50 |    80 |   145 |   138 |   128 |   100 |   140 ||   838
Block: Kite shield       |    29 |    65 |   164 |   258 |   139 |       |       |       |       ||   655
       Tower shield      |       |       |       |       |   577 |  1019 |  1060 |   844 |   908 ||  4408
